 Dungeon Crawl Stone Soup version 0.29-a0-243-g602b31c20e (webtiles) character file.

Game seed: 17184724454732846374

303 Ajdolov the Bolt Thrower (level 6, -3/49 HPs)
             Began as a Formicid Hunter on Mar 4, 2022.
             Slain by a water moccasin (9 damage)
             ... on level 5 of the Dungeon.
             The game lasted 00:06:08 (5716 turns).

Ajdolov the Bolt Thrower (Formicid Hunter)          Turns: 5716, Time: 00:06:08

Health: -3/49      AC:  3    Str: 17    XL:     6   Next: 65%
Magic:  6/6        EV: 11    Int: 10    God:
Gold:   223        SH:  0    Dex: 13    Spells: 5/5 levels left

rFire   . . .      SeeInvis +   a - +1 hand crossbow
rCold   + . .      Faith    .   (no shield)
rNeg    . . .      Spirit   .   b - +0 leather armour
rPois   .          Reflect  .   (helmet unavailable)
rElec   .          Harm     .   (no cloak)
rCorr   .          Rampage  .   (no gloves)
Will    .....                   (no boots)
Stlth   +.........              (no amulet)
HPRegen 0.16/turn               n - ring of protection from cold
MPRegen 0.10/turn               (no ring)

@: brilliant
A: permanent stasis, dig shafts and tunnels, antennae 3, four strong arms
a: Dig, Shaft Self


You were on level 5 of the Dungeon.
You visited 1 branch of the dungeon, and saw 5 of its levels.

You collected 223 gold pieces.

Inventory:

Hand Weapons
 a - a +1 hand crossbow (weapon)
Armour
 b - a +0 leather armour (worn)
Jewellery
 n - a ring of protection from cold (left hand)
Scrolls
 c - 4 scrolls of teleportation {unknown}
 e - a scroll of summoning {unknown}
 f - a scroll of fear {unknown}
 i - a scroll of magic mapping {unknown}
 k - a scroll of vulnerability {unknown}
 m - 4 scrolls of identify {unknown}
 o - a scroll of holy word {unknown}
Potions
 d - a potion of brilliance
 g - a potion of resistance {unknown}
 h - a potion of attraction {unknown}
 j - a potion of invisibility {unknown}
 l - a potion of curing
 q - a potion of magic {unknown}


   Skills:
 + Level 4.4 Fighting
 * Level 6.5 Crossbows
 - Level 1.7 Dodging
 - Level 1.2 Stealth


You had 5 spell levels left.
You didn't know any spells.
Your spell library contained the following spells:

 Spells                   Type           Power      Damage    Failure   Level
 Beastly Appendage        Tmut           0%         N/A       43%         1
 Sublimation of Blood     Necr           0%         N/A       56%         2
 Wereblood                Tmut           0%         N/A       56%         2
 Spider Form              Tmut/Pois      0%         N/A       80%         3
 Summon Hydra             Summ           0%         N/A       100%        7


Dungeon Overview and Level Annotations

Branches:
Dungeon (5/15)
 Temple: D:4-7

Altars:
Cheibriados
Nemelex Xobeh

Shops:
D:2 [   D:3 *   D:5 *

Annotations:
D:4 exclusion: ice beast
D:5 Grinder


Innate Abilities, Weirdness & Mutations

You cannot be hasted, slowed, berserked, paralysed or teleported.
You can dig through walls and to a lower floor.
You have a pair of large antennae on your head. (SInv)
Your four strong arms can wield two-handed weapons with a shield.


Message History

Shoot: a) +1 hand crossbow
Press: ? - help, Q - select action, (/) - cycle Shift-Dir - straight line, f/p - water moccasin
Aim: a water moccasin (severely wounded, 50% to hit)
You shoot a bolt. The bolt hits the water moccasin.
The water moccasin is almost dead.
The water moccasin barely misses you.
Shoot: a) +1 hand crossbow
Press: ? - help, Q - select action, (/) - cycle Shift-Dir - straight line, f/p - water moccasin
Aim: a water moccasin (almost dead, 50% to hit)
You shoot a bolt.
The bolt closely misses the water moccasin.
The water moccasin barely misses you.
The water moccasin bites you but does no damage.
Shoot: a) +1 hand crossbow
Press: ? - help, Q - select action, (/) - cycle Shift-Dir - straight line, f/p - water moccasin
Aim: a water moccasin (severely wounded, 50% to hit)
You shoot a bolt. The bolt misses the water moccasin.
The water moccasin closely misses you.
The water moccasin bites you but does no damage.
Shoot: a) +1 hand crossbow
Press: ? - help, Q - select action, (/) - cycle Shift-Dir - straight line, f/p - water moccasin
Aim: a water moccasin (severely wounded, 50% to hit)
You shoot a bolt.
The bolt hits the water moccasin but does no damage.
The water moccasin is severely wounded.
The water moccasin bites you but does no damage.
The water moccasin barely misses you.
Shoot: a) +1 hand crossbow
Press: ? - help, Q - select action, (/) - cycle Shift-Dir - straight line, f/p - water moccasin
Aim: a water moccasin (severely wounded, 50% to hit)
You shoot a bolt. The bolt misses the water moccasin.
The water moccasin bites you!
* * * LOW HITPOINT WARNING * * *
Shoot: a) +1 hand crossbow
Press: ? - help, Q - select action, (/) - cycle Shift-Dir - straight line, f/p - water moccasin
Aim: a water moccasin (severely wounded, 50% to hit)
You shoot a bolt. The bolt hits the water moccasin.
The water moccasin is severely wounded.
The water moccasin closely misses you. The water moccasin bites you!
You die...

##...#.....^...######
##...#.........##...#
.....#..............#
##..##....<.........#
##..##..............#
.....#..............#
.. #..........)...#
.............#
.........@...#
.........S...#
...........#
...........#
...........#
...........#
...........#
.......(...#


You could see a water moccasin.

Vanquished Creatures
  2 hounds
  2 iguanas
  Robin (D:2)
  6 gnolls
  3 adders
  2 worms
  A dart slug (D:1)
  4 orcs (D:3)
  6 ball pythons
  6 endoplasms
  4 giant cockroaches
  16 goblins
  7 hobgoblins
  2 jackals (D:1)
  3 quokkas
  8 bats
  A frilled lizard (D:1)
  9 kobolds
  A rat (D:1)
84 creatures vanquished.

Notes
Turn   | Place    | Note
-------+----------+-------------------------------------------
     0 | D:1      | Ajdolov the Formicid Hunter began the quest for the Orb.
     0 | D:1      | Reached XP level 1. HP: 16/16 MP: 1/1
    71 | D:1      | Reached XP level 2. HP: 23/23 MP: 2/2
   517 | D:1      | Reached XP level 3. HP: 26/28 MP: 3/3
  1129 | D:2      | Found Leraula's Antique Armour Emporium.
  1129 | D:2      | Noticed Robin
  1643 | D:2      | Reached skill level 5 in Crossbows
  1643 | D:2      | Reached XP level 4. HP: 15/35 MP: 4/4
  2262 | D:2      | Killed Robin
  2572 | D:3      | Found a sparkling altar of Nemelex Xobeh.
  2590 | D:3      | Reached XP level 5. HP: 40/41 MP: 5/5
  2648 | D:3      | Found Noen's General Store.
  4169 | D:4      | Noticed an ice beast
  4276 | D:4      | Reached skill level 6 in Crossbows
  4276 | D:4      | Reached XP level 6. HP: 48/48 MP: 6/6
  4478 | D:4      | Found a snail-covered altar of Cheibriados.
  5464 | D:5      | Entered Level 5 of the Dungeon
  5464 | D:5      | Noticed Grinder
  5654 | D:5      | Found Qostafoo's Assorted Antiques.
  5691 | D:5      | Noticed a water moccasin
  5716 | D:5      | Slain by a water moccasin

Illustrated notes

Levels and vault maps discovered:
D:1:      dpeg_arrival_radiant, layout_loops_ring
D:2:      layout_basic, serial_shops, nicolae_shop_crystal,
          serial_park_tiny_pond, minmay_pentomino_r4, uniq_robin
D:3:      layout_basic, nemelex_xobeh_ov_fountains_minmay, serial_shops, shop,
          serial_bayou_lagoon_a, minmay_misc_feat_nine_boxes,
          minmay_misc_feat_doors
D:4:      layout_layer_cave, mainiacjoe_overflow_boulevard,
          grunt_decor_fettered, kennysheep_generic_room_10
D:5:      layout_gridville, okawaru_gym_becter, serial_shops, shop_statue,
          st_stairs_4, abandoned_shop, nicolae_shop_sticking_my_neck_out,
          uniq_grinder

Skill      XL: |  1  2  3  4  5 |
---------------+----------------+-----
Fighting       | 3 4 |  4.4
Crossbows      | 5 6 |  6.5
Dodging        | |  1.7
Stealth        | |  1.2

Action                   |  1- 3 |  4- 6 || total
-------------------------+-------+-------++-------
 Fire: Hand crossbow     |   111 |   183 ||   294
Throw: Throwing net      |       |     1 ||     1
 Abil: Dig               |     1 |       ||     1
  Use: Potion            |       |     2 ||     2
Armor: Leather armour    |    23 |    16 ||    39
Dodge: Dodged            |    46 |    69 ||   115

Table legend: (Time is in decaauts)
 A = Elapsed time spent in this place.
 B = Non-inter-level travel time spent in this place.
 C = Inter-level travel time spent in this place.
 D = Time resting spent in this place.
 E = Time spent auto-exploring this place.
 F = Levels seen in this place.
 G = Mean time per level.
                   A        B        C        D        E       F      G
               +--------+--------+--------+--------+--------+-----+--------+
         Total |   5797 |   5605 |    192 |   1098 |   3776 |   5 | 1159.4 |
       Dungeon |   5797 |   5605 |    192 |   1098 |   3776 |   5 | 1159.4 |
               +--------+--------+--------+--------+--------+-----+--------+

Top non-repeatable levels by time:
     D:4: 1898 daAuts
     D:1: 1294 daAuts
     D:3: 1255 daAuts
     D:2: 1116 daAuts
     D:5: 232 daAuts
